 Dungeon Crawl Stone Soup version 0.21-a0-59-g7b0e191 (webtiles) character file.

106830 Monsterracer the Basher (level 16, -3/122 HPs)
             Began as a Gnoll Skald on June 11, 2017.
             Was the Champion of Ashenzari.
             Slain by a jumping spider (6 damage)
             ... on level 2 of the Lair of Beasts on June 16, 2017.
             The game lasted 02:03:18 (29300 turns).

Monsterracer the Basher (Gnoll Skald)              Turns: 29300, Time: 02:03:19

Health: -3/122     AC: 22    Str:  7 (10) XL:     16   Next: 45%
Magic:  23/30      EV: 16    Int: 22 (25) God:    Ashenzari [******]
Gold:   1249       SH:  8    Dex: 10 (13) Spells: 0/35 levels left

rFire    + . .     SeeInvis +   N - +3 eveningstar of Joyful Slaughter {freeze, +Blink} (curse)
rCold    . . .     Gourm    .   J - +2 buckler {AC+3} (curse)
rNeg     . . .     Faith    .   S - +2 leather armour {MR+} (curse)
rPois    +         Spirit   .   q - +2 hat (curse)
rElec    .         Reflect  .   y - +2 cloak (curse)
rCorr    .         Harm     .   i - +2 pair of gloves (curse)
MR       +....     Clarity  +   m - +2 pair of boots (curse)
Stlth    ++++......             x - amulet of regeneration (curse)
HPRegen  1.70/turn              v - ring of protection from fire (curse)
MPRegen  0.22/turn              B - +4 ring of intelligence (curse)

@: lethally poisoned (-3 -> -3), shrouded, regenerating (expiring)
A: short attention span, fangs 1, horns 1, sense surroundings 1, poison
resistance, shaggy fur 1, strong nose
a: Curse Item, Scrying, Transfer Knowledge, Renounce Religion, Evoke Blink


You were on level 2 of the Lair of Beasts.
You worshipped Ashenzari.
Ashenzari was exalted by your worship.
You were not hungry.

You visited 5 branches of the dungeon, and saw 25 of its levels.
You also visited: Sewer and Ossuary.

You collected 1993 gold pieces.
You spent 744 gold pieces at shops.

Inventory:

Hand Weapons
 N - the cursed +3 eveningstar of Joyful Slaughter (weapon) {freeze, +Blink}
   (You acquired it on level 15 of the Dungeon)

   It has been specially enchanted to freeze those struck by it, causing extra
   injury to most foes and up to half again as much damage against particularly
   susceptible opponents.
   It can also slow down cold-blooded creatures.
   It lets you blink.
   It has a curse placed upon it.
Missiles
 o - 44 tomahawks (quivered)
 t - 7 poisoned tomahawks
 G - 3 steel tomahawks
 T - 2 throwing nets
Armour
 i - a cursed +2 pair of gloves (worn)
 m - a cursed +2 pair of boots (worn)
 q - a cursed +2 hat (worn)
 y - a cursed +2 cloak (worn)
 J - a cursed +2 buckler of protection (worn)
 S - a cursed +2 leather armour of magic resistance (worn)
 W - +0 fire dragon scales
Jewellery
 l - an uncursed ring of protection from cold
 v - a cursed ring of protection from fire (left hand)
 x - a cursed amulet of regeneration (around neck)
 B - a cursed +4 ring of intelligence (right hand)
Wands
 b - a wand of confusion (13/48)
 g - a wand of digging (23/24)
 w - a wand of confusion (30/48)
 K - a wand of scattershot (4/9)
 M - a wand of lightning (4/15)
 Q - a wand of acid (8/15)
 V - a wand of scattershot (2/9)
Scrolls
 c - 5 scrolls of teleportation
 e - 5 scrolls of magic mapping
 h - a scroll of fear
 r - 4 scrolls of identify
 u - 6 scrolls of fog
 A - 5 scrolls of recharging
 I - 2 scrolls of remove curse
 P - 3 scrolls of blinking
Potions
 j - 2 potions of might
 p - 2 potions of flight
 z - 2 potions of haste
 C - 2 potions of heal wounds
 D - 4 potions of mutation
 E - 9 potions of curing
 F - a potion of magic
 L - 7 potions of brilliance
 R - 4 potions of cancellation
 Y - a potion of resistance
 Z - a potion of ambrosia
Comestibles
 d - 14 bread rations
 f - 8 meat rations
 k - 13 royal jellies
 n - 7 fruits


   Skills:
 + Level 10.2 Fighting
 - Level 12.0(13.0) Maces & Flails
 - Level 9.0 Throwing
 - Level 9.0 Armour
 - Level 10.5(12.0) Dodging
 - Level 6.7(10.3) Stealth
 - Level 8.0(10.1) Shields
 - Level 10.0 Spellcasting
 - Level 7.0(10.4) Hexes
 - Level 10.4(12.0) Charms
 - Level 7.0(10.4) Summonings
 - Level 6.9(10.3) Necromancy
 - Level 7.0(10.4) Translocations
 - Level 6.8(10.3) Evocations


You couldn't memorise any spells.
You knew the following spells:

 Your Spells              Type           Power        Failure   Level  Hunger
a - Infusion              Chrm           ####         1%          1    None
b - Song of Slaying       Chrm           ######..     1%          2    None
c - Shroud of Golubria    Chrm/Tloc      ######....   1%          2    None
d - Spectral Weapon       Hex/Chrm       ######..     1%          3    None
e - Regeneration          Chrm/Necr      ######....   1%          3    None
f - Summon Mana Viper     Hex/Summ       ######..     3%          5    ####...
g - Recall                Summ/Tloc      N/A          1%          3    None
h - Aura of Abjuration    Summ           ######....   3%          5    ####...
i - Summon Demon          Summ           ######....   3%          5    ####...
j - Shadow Creatures      Summ           N/A          17%         6    ######.


Dungeon Overview and Level Annotations

Branches:
Dungeon (15/15)            Temple (1/1) D:5            Lair (6/6) D:10
 Shoals (0/4) Lair:4       Spider (1/4) Lair:2        Slime (0/5) Lair:6
    Orc (2/2) D:12            Elf (0/3) Orc:2        Vaults (0/5) D:14
 Depths (0/5) D:15

Altars:
Ashenzari
Cheibriados
Dithmenos
Elyvilon
Fedhas
Gozag
Hepliaklqana
Kikubaaqudgha
Makhleb
Nemelex Xobeh
Okawaru
Qazlal
Ru
Sif Muna
Trog
Uskayaw
Vehumet
Wu Jian
Xom
Yredelemnul
Zin
The Shining One
Beogh
Jiyva

Shops:
D:5 }   D:8 *   D:10 [   Orc:1 %   Orc:2 [?%

Annotations:
Lair:6 1 runed door


Innate Abilities, Weirdness & Mutations

You have a short attention span.
You have very sharp teeth.
Your uncanny sense of smell can sniff out nearby items.
You have a pair of small horns on your head.
You passively map a small area around you.
Your system is resistant to poisons. (rPois)
You are covered in fur. (AC +1)


Message History

The jumping spider misses you.
The jumping spider leaps!
You feel sick. The wolf spider closely misses you.
The wolf spider bites you but does no damage.
The jumping spider leaps!
The wolf spider closely misses you. The wolf spider barely misses you.
You block the tarantella's attack.
The jumping spider leaps!
You feel sick. The wolf spider hits you!
* * * LOW HITPOINT WARNING * * *
You block the wolf spider's attack. The jumping spider misses you.
The jumping spider barely misses you. The wolf spider barely misses you. x2
Your sun demon hits the wolf spider!!
The wolf spider is engulfed in flames!
The tarantella barely misses you.
You feel sick. The jumping spider barely misses you.
The jumping spider closely misses you.
The wolf spider hits your sun demon but does no damage.
The wolf spider closely misses your sun demon.
Your sun demon hits the wolf spider!
The wolf spider is engulfed in flames!
The wolf spider dies!
The jumping spider pounces on you.
You die...

.....................##...#.P###
..............##.....##...#.#####
.......##.P.P###.....#..........#
.......#.##..####....#...........
........###....#.................
.........##.....^................
.......#######.^.#...............
......###...###.^##..............
......##...^...s@.#..............
......##†≈≈."3†s#.##.............
...#..##^.≈#^.#^#.##.....†.......
..###.##>†≈≈.##...##.............
...####..^≈≈..#..###..#..........
#### ##'≈≈≈##†.####.....##...###
.# #...........#.....###...# ##
###.#^###..##.....#....## #
######..#^............##


You could see a jumping spider, a tarantella and a friendly sun demon.

Vanquished Creatures
  Kirke (Lair:6)
  Nessos (D:12)
  Azrael (D:12)
  4 dire elephants (Lair:6)
  A fire dragon (D:14)
  4 hydras
  Harold (Lair:2)
  A centaur warrior (D:14)
  An anaconda (Lair:6)
  23 two-headed ogres
  A catoblepas (D:14)
  2 ogre magi (D:15)
  3 death yaks (Lair:6)
  A deep troll earth mage (D:13)
  2 orc high priests (Orc:2)
  4 skeletal warriors (D:15)
  The ghost of graymark the Cleaver, a novice DsAK of Lugonu (D:8)
  Pikel (D:7)
  An unseen horror (D:14)
  3 wizards
  3 orc knights
  A necromancer (D:14)
  3 deep elf magi
  8 orc sorcerers
  3 wolf spiders (Spider:1)
  A manticore (D:13)
  An orb spider (Lair:2)
  4 cyclopes
  A moth of wrath (Spider:1)
  27 elephants
  5 black mambas
  A naga mage (D:15)
  3 gargoyles
  2 torpor snails
  A rime drake (Lair:5)
  8 spiny frogs
  2 yaktaurs (D:15)
  9 komodo dragons
  2 kobold demonologists
  A freezing wraith (D:14)
  A jumping spider (Lair:2)
  A hornet (D:14)
  9 trolls
  5 blink frogs
  4 slime creatures
  A meliai zombie (D:12)
  10 hippogriffs
  A snapping turtle (Lair:4)
  2 shadows (D:12)
  10 redbacks
  2 water elementals (D:13)
  39 yaks
  5 wraiths
  4 wyverns
  Eustachio (D:5)
  3 tarantellas
  2 fire elementals (D:12)
  3 hogs (Lair:6)
  5 basilisks
  Menkaure (D:5)
  A steam dragon (D:8)
  6 vampire mosquitoes (D:12)
  3 wargs
  9 water moccasins
  A soldier ant (D:11)
  4 acid dragons
  8 porcupines
  A black bear (D:7)
  5 hell hounds
  3 phantoms
  2 sky beasts
  A slave (D:7)
  42 orc warriors
  3 ice beasts
  24 ogres
  3 wolves (Lair:3)
  7 centaurs
  5 crocodiles
  16 big kobolds
  21 bullfrogs
  3 scorpions
  A wyvern skeleton (D:14)
  9 howler monkeys
  4 electric eels
  8 crimson imps
  3 centaur zombies
  3 quasits
  31 orc priests
  2 jellies
  9 hounds
  A bullfrog skeleton (D:6)
  3 centaur skeletons
  4 iguanas
  Ijyb (D:5)
  24 orc wizards
  8 hell rats
  11 worker ants
  A hound zombie (D:9)
  2 hound skeletons (D:4)
  A mummy (Ossuary)
  A howler monkey zombie (D:11)
  14 gnolls
  11 river rats
  25 adders
  A shadow imp (D:15)
  8 oozes
  3 adder zombies
  3 worms
  3 dart slugs (D:1)
  11 leopard geckos
  155 orcs
  6 ball pythons
  7 bats
  20 giant cockroaches
  8 goblins
  9 hobgoblins
  10 jackals
  17 kobolds
  10 quokkas
  11 frilled lizards
  8 gnoll skeletons (Ossuary)
  A jackal skeleton (D:5)
  5 kobold skeletons (Ossuary)
  A leopard gecko skeleton (D:4)
  A leopard gecko zombie (D:7)
  12 orc skeletons (Ossuary)
  A quokka zombie (D:5)
  31 rats
  2 plants (Lair:6)
941 creatures vanquished.

Vanquished Creatures (collateral kills)
  An orc warlord (Orc:2)
  A two-headed ogre (D:15)
  2 orc high priests (Orc:2)
  A death yak (Lair:6)
  An orc knight (Orc:2)
  2 wolf spiders (Lair:2)
  2 yaktaurs (D:15)
  3 redbacks (Lair:2)
  A fire elemental (D:12)
  A warg (Orc:2)
  6 orc warriors (Orc:2)
  A bullfrog (D:12)
  3 orc priests (Orc:2)
  3 orcs (Orc:2)
  A fungus (Lair:6)
  2 plants (Lair:6)
31 creatures vanquished.

Vanquished Creatures (others)
  A human (Lair:6)
  An orc warrior (D:9)
  2 slaves (D:7)
  An ogre (D:9)
  A centaur (D:9)
  A bullfrog (D:9)
  A centaur skeleton (D:7)
  A howler monkey zombie (D:7)
  A leopard gecko (D:9)
  An orc (D:12)
  A quokka (D:7)
  13 fungi
  5 plants
  10 spectral weapons
40 creatures vanquished.

Grand Total: 1012 creatures vanquished

Notes
Turn   | Place    | Note
-------+----------+-------------------------------------------
     0 | D:1      | Monsterracer the Gnoll Skald began the quest for the Orb.
     0 | D:1      | Reached XP level 1. HP: 18/18 MP: 5/5
    32 | D:1      | Reached skill level 4 in Maces & Flails
    60 | D:1      | Reached XP level 2. HP: 9/24 MP: 6/6
    76 | D:1      | Learned a level 2 spell: Song of Slaying
    79 | D:1      | Learned a level 2 spell: Shroud of Golubria
   392 | D:1      | Reached skill level 5 in Maces & Flails
   560 | D:1      | Reached XP level 3. HP: 28/29 MP: 8/8
   801 | D:1      | Learned a level 3 spell: Spectral Weapon
   962 | D:2      | Reached skill level 6 in Maces & Flails
  1325 | D:2      | Reached XP level 4. HP: 36/36 MP: 9/9
  2916 | D:3      | Reached XP level 5. HP: 41/43 MP: 5/10
  2984 | D:3      | You fall through a shaft for 2 floors!
  2984 | D:5      | Entered Level 5 of the Dungeon
  3024 | D:5      | Found a staircase to the Ecumenical Temple.
  3029 | Temple   | Entered the Ecumenical Temple
  3037 | Temple   | Became a worshipper of Ashenzari the Shackled
  3087 | D:5      | Reached skill level 9 in Maces & Flails
  3087 | D:5      | Reached XP level 6. HP: 55/55 MP: 11/11
  3092 | D:5      | Learned a level 3 spell: Regeneration
  3093 | D:5      | Noticed Menkaure
  3103 | D:5      | Killed Menkaure
  3484 | D:5      | Reached XP level 7. HP: 59/61 MP: 12/12
  3963 | D:5      | Noticed Eustachio
  3977 | D:5      | Killed Eustachio
  4211 | D:4      | Learned a level 1 spell: Infusion
  4275 | D:4      | Found a snail-covered altar of Cheibriados.
  4304 | D:4      | Reached XP level 8. HP: 43/68 MP: 5/13
  4545 | D:4      | Found a glowing drain.
  4549 | Sewer    | Entered a sewer
  5296 | D:3      | Found a sacrificial altar of Ru.
  5302 | D:3      | Found a deep blue altar of Sif Muna.
  5344 | D:3      | Found a bloodstained altar of Trog.
  5805 | D:4      | Reached * piety under Ashenzari
  6006 | D:4      | Found a shadowy altar of Dithmenos.
  6112 | D:4      | Gained mutation: Your system is resistant to poisons. (rPois) [potion of mutation]
  6112 | D:4      | Gained mutation: You have a pair of small horns on your head. [potion of mutation]
  6112 | D:4      | Gained mutation: You are covered in fur. (AC +1) [potion of mutation]
  6112 | D:4      | Gained mutation: You passively map a small area around you. [potion of mutation]
  6512 | D:5      | Noticed Ijyb
  6526 | D:5      | Killed Ijyb
  6827 | D:5      | Reached XP level 9. HP: 74/74 MP: 16/16
  6979 | D:5      | Found Cywihiud's Gadget Emporium.
  7379 | D:6      | Reached skill level 5 in Spellcasting
  7676 | D:6      | Found a snail-covered altar of Cheibriados.
  7726 | D:6      | Found a blossoming altar of Fedhas.
  8101 | D:7      | Noticed Pikel
  8132 | D:7      | Killed Pikel
  8862 | D:7      | Reached XP level 10. HP: 76/82 MP: 18/18
  9119 | D:7      | Reached ** piety under Ashenzari
  9395 | D:8      | Found a sand-covered staircase.
  9403 | Ossuary  | Entered an ossuary
  9753 | D:8      | Found an ornate altar of the Wu Jian Council.
  9757 | D:8      | Noticed graymark's ghost (novice DsAK)
  9777 | D:8      | Killed graymark's ghost
  9892 | D:8      | Reached skill level 10 in Maces & Flails
  9892 | D:8      | Reached skill level 1 in Hexes
  9896 | D:8      | Reached skill level 1 in Translocations
 10057 | D:8      | Found a hide-covered altar of Uskayaw.
 10058 | D:8      | Found Urusorag's General Store.
 10068 | D:8      | Bought a potion of heal wounds for 80 gold pieces
 10467 | D:8      | Noticed a two-headed ogre
 10479 | D:8      | Killed a two-headed ogre
 10839 | D:9      | Reached skill level 1 in Necromancy
 10867 | D:9      | Reached *** piety under Ashenzari
 11051 | D:9      | Identified the +10 long sword "Xuurch" {slice, rElec}
 11323 | D:9      | Found a basalt altar of Yredelemnul.
 11332 | D:9      | Found a shimmering altar of Xom.
 11365 | D:9      | Reached skill level 1 in Stealth
 11486 | D:9      | Noticed a two-headed ogre
 11495 | D:9      | Killed a two-headed ogre
 11495 | D:9      | Reached XP level 11. HP: 68/89 MP: 20/20
 11670 | D:10     | Entered Level 10 of the Dungeon
 11738 | D:10     | Found a sparkling altar of Nemelex Xobeh.
 11744 | D:10     | Reached skill level 1 in Evocations
 11750 | D:10     | Found a staircase to the Lair.
 11970 | D:10     | Noticed a two-headed ogre
 11978 | D:10     | Killed a two-headed ogre
 12145 | D:10     | Found Kahah's Antique Armour Boutique.
 12281 | Lair:1   | Entered Level 1 of the Lair of Beasts
 12488 | Lair:1   | Noticed a six-headed hydra
 12500 | Lair:1   | Killed a six-headed hydra
 12500 | Lair:1   | Reached skill level 5 in Hexes
 12500 | Lair:1   | Reached skill level 5 in Necromancy
 12500 | Lair:1   | Reached skill level 5 in Translocations
 13040 | Lair:2   | Reached **** piety under Ashenzari
 13331 | Lair:2   | Found a hole to the Spider Nest.
 13331 | Lair:2   | Noticed an orb spider
 13350 | Lair:2   | Killed an orb spider
 13867 | Lair:2   | Noticed Harold
 13881 | Lair:2   | Killed Harold
 13881 | Lair:2   | Reached XP level 12. HP: 88/95 MP: 17/22
 14001 | Lair:3   | Reached ***** piety under Ashenzari
 15066 | Lair:4   | Identified the amulet of Noloinga {Gourm rN+ Str+2}
 15106 | Lair:4   | Reached skill level 1 in Shields
 15670 | Lair:4   | Reached skill level 10 in Fighting
 15830 | Lair:4   | Reached XP level 13. HP: 103/103 MP: 5/23
 15848 | Lair:4   | Reached skill level 10 in Dodging
 15983 | Lair:4   | Identified the +8 morningstar "Gaab" {crush, *Drain Int+3 Dex+5}
 16016 | Lair:4   | Reached skill level 11 in Maces & Flails
 16364 | Lair:4   | Found a staircase to the Shoals.
 16389 | Lair:4   | Reached skill level 5 in Evocations
 16441 | Lair:4   | Reached skill level 5 in Stealth
 17644 | Lair:6   | Entered Level 6 of the Lair of Beasts
 17645 | Lair:6   | Upgraded the game from 0.21-a0-50-g941c862 to 0.21-a0-51-gea492e9
 17681 | Lair:6   | Found a runed door.
 17681 | Lair:6   | Found a viscous altar of Jiyva.
 17769 | Lair:6   | Noticed Kirke
 17788 | Lair:6   | Killed Kirke
 17960 | Lair:6   | Learned a level 5 spell: Summon Mana Viper
 17964 | Lair:6   | Learned a level 3 spell: Recall
 17970 | Lair:6   | Learned a level 5 spell: Summon Forest
 17996 | Lair:6   | Reached skill level 5 in Summonings
 17996 | Lair:6   | Reached XP level 14. HP: 68/110 MP: 6/26
 18379 | Lair:6   | Found a staircase to the Slime Pits.
 18608 | Lair:6   | Identified the +2 robe of Seova {*Drain +Fly Str+3 Dex+3}
 18684 | Lair:6   | Noticed a dire elephant
 18684 | Lair:6   | Noticed a dire elephant
 18692 | Lair:6   | Killed a dire elephant
 18699 | Lair:6   | Killed a dire elephant
 18792 | Lair:6   | Noticed a dire elephant
 18803 | Lair:6   | Killed a dire elephant
 18844 | Lair:6   | Noticed a dire elephant
 18860 | Lair:6   | Killed a dire elephant
 18905 | Lair:4   | Upgraded the game from 0.21-a0-51-gea492e9 to 0.21-a0-52-gbf49515
 19145 | D:11     | Reached ****** piety under Ashenzari
 19935 | D:12     | Noticed Nessos
 20291 | D:12     | Killed Nessos
 20291 | D:12     | Reached skill level 10 in Spellcasting
 20342 | D:12     | Found a labyrinth entrance.
 20509 | D:12     | Noticed Azrael
 20514 | D:12     | Reached skill level 5 in Shields
 20690 | D:12     | Killed Azrael
 20813 | D:12     | Found a roughly hewn altar of Beogh.
 20813 | D:12     | Found a staircase to the Orcish Mines.
 21114 | Orc:1    | Entered Level 1 of the Orcish Mines
 21238 | Orc:2    | Entered Level 2 of the Orcish Mines
 22142 | Orc:1    | Found Nasoh's Food Emporium.
 22183 | Orc:1    | Reached XP level 15. HP: 108/115 MP: 29/29
 22190 | Orc:1    | Learned a level 5 spell: Aura of Abjuration
 22196 | Orc:1    | Learned a level 5 spell: Summon Demon
 22514 | Orc:2    | Found Bacruobb's Magic Scroll Shop.
 22652 | Orc:2    | Bought a scroll of enchant armour for 97 gold pieces
 22652 | Orc:2    | Bought a scroll of teleportation for 39 gold pieces
 22699 | Orc:2    | Found Raicviq's Antique Armour Shoppe.
 22739 | Orc:2    | HP: 4/115 [orc warrior/mace (16)]
 22852 | Orc:2    | Bought a bloodstained robe for 228 gold pieces
 22852 | Orc:2    | Identified the cursed +1 robe of Iloniw {rN+} (You bought it in a shop on level 2 of the Orcish Mines)
 22855 | Orc:2    | Bought a glowing buckler for 300 gold pieces
 22893 | Orc:2    | Noticed an orc warlord
 22905 | Orc:2    | Found a roughly hewn altar of Beogh.
 22924 | Orc:2    | Killed an orc warlord
 23046 | Orc:2    | Reached skill level 10 in Charms
 23359 | Orc:2    | Found a roughly hewn altar of Beogh.
 23496 | Orc:2    | Found Xavviun's Jewellery Emporium.
 23504 | Orc:2    | Found Gocat's Food Shoppe.
 23783 | Orc:2    | Identified the +3 morningstar of Sin {drain, +Rage}
 23899 | Orc:2    | Found a staircase to the Elven Halls.
 26101 | D:14     | Found a gate to the Vaults.
 26248 | D:15     | Entered Level 15 of the Dungeon
 26511 | D:15     | Identified the cursed +0 war axe "Hydraslayer" {speed, -Tele rF+ rC+ Dex+5}
 26538 | D:15     | Identified a scroll of acquirement
 26538 | D:15     | Identified the cursed +3 eveningstar of Joyful Slaughter {freeze, +Blink} (You acquired it on level 15 of the Dungeon)
 26629 | D:15     | Found an iron altar of Okawaru.
 26956 | D:15     | Reached XP level 16. HP: 93/122 MP: 30/30
 27492 | D:15     | Found a staircase to the Depths.
 28056 | D:15     | Learned a level 6 spell: Shadow Creatures
 28549 | Spider:1 | Entered Level 1 of the Spider Nest
 28549 | Spider:1 | Identified the +5 whip of the Distant Future {freeze, -Tele Int+3 Dex+3}
 28552 | Spider:1 | Reached skill level 12 in Maces & Flails
 28692 | Spider:1 | Upgraded the game from 0.21-a0-52-gbf49515 to 0.21-a0-59-g7b0e191
 29299 | Lair:2   | HP: 2/122 [wolf spider (10)]
 29300 | Lair:2   | Slain by a jumping spider

Vault maps used:
D:1:      roderic_dead_forest
D:3:      nicolae_overflow_hidden_temple, gammafunk_temple_overflow_statue
D:4:      lemuel_round_altar, lightli_sewer_entry_pipes, cheibriados_altar_1
D:5:      minmay_temple_entry_glassed_door, first_bread, serial_shops, shop,
          roderic_lattice_a, grunt_ministairs_8, st_stairs_6, uniq_eustachio,
          uniq_ijyb, uniq_menkaure
D:6:      kennysheep_mini, lemuel_doored_altar, kennysheep_dice
D:7:      lemuel_ratsnest, grunt_ogre_cave, uniq_pikel
D:8:      lemuel_round_altar, serial_shops, nicolae_shop_stone, basic_altar,
          nicolae_ossuary_entry_monument
D:9:      xom_confusion_cloud, basic_altar
D:10:     lair_entry_dummy, serial_shops, kennysheep_little_box,
          nemelex_xobeh_ov_fountains_minmay
D:12:     david_orc_5, lab_entry_generic, uniq_nessos, uniq_azrael
D:13:     kennysheep_just_a_vault
D:14:     david_vaults_1, serial_park_paths
D:15:     grunt_enter_depths_magical_seal, okawaru_ov_weapons_minmay
Temple:   cyrus_circular_temple
Lair:1:   fungi_pond_lemuel
Lair:2:   nicolae_spider_entry_orb_guardian, grunt_megastairs_4, uniq_harold
Lair:3:   beast_lair_carwin_6, serial_bayou_shore_a
Lair:4:   beast_lair_carwin_large_2, shoals_dummy_entry, serial_bayou_pond_b
Lair:5:   grunt_megastairs_1
Lair:6:   due_jungle_book, slime_altar_2, uniq_kirke
Orc:1:    serial_shops, shop_fountains, special_room
Orc:2:    pubby_orc_utopia, serial_shops
Sewer:    sewer_frog_island_02
Ossuary:  ossuary_due_mausoleum

Skill      XL: |  1  2  3  4  5  6  7  8  9 10 11 12 13 14 15 16 |
---------------+-------------------------------------------------+-----
Maces & Flails | 4 5 6 9 10 11 12 | 12.0
Fighting       | 4 7 8 9 10 | 10.2
Armour         | 2 7 8 9 |  9.0
Throwing       | 6 7 8 9 |  9.0
Dodging        | 7 8 9 10 | 10.5
Charms         | 7 8 9 10 | 10.4
Spellcasting   | 4 5 6 7 8 10 | 10.0
Hexes          | 4 5 7 |  7.0
Translocations | 4 6 7 |  7.0
Necromancy     | 3 6 |  6.9
Stealth        | 2 4 6 |  6.7
Evocations     | 4 6 |  6.8
Shields        | 4 8 |  8.0
Summonings     | 5 7 |  7.0

Action                   |  1- 3 |  4- 6 |  7- 9 | 10-12 | 13-15 | 16-18 || total
-------------------------+-------+-------+-------+-------+-------+-------++-------
Melee: Mace              |   104 |    95 |       |       |       |       ||   199
       Bite              |     5 |     9 |    64 |   100 |   177 |    31 ||   386
       Flail             |       |    25 |   638 |   859 |    17 |       ||  1539
       Headbutt          |       |       |    44 |   135 |   282 |    48 ||   509
       Whip              |       |       |   108 |       |       |       ||   108
       Morningstar       |       |       |       |       |  1414 |       ||  1414
       Eveningstar       |       |       |       |       |    53 |   242 ||   295
Throw: Tomahawk          |       |     2 |     3 |     1 |    20 |       ||    26
 Cast: Infusion          |     2 |     6 |    19 |    16 |    44 |    10 ||    97
       Shroud of Golubri |       |     3 |     6 |     5 |    25 |    10 ||    49
       Spectral Weapon   |       |     2 |     5 |     6 |    16 |     5 ||    34
       Song of Slaying   |       |       |    13 |    17 |    21 |     2 ||    53
       Regeneration      |       |       |     1 |     3 |    15 |    10 ||    29
       Summon Mana Viper |       |       |       |       |     7 |     3 ||    10
       Summon Forest     |       |       |       |       |     1 |       ||     1
       Aura of Abjuratio |       |       |       |       |     3 |       ||     3
       Summon Demon      |       |       |       |       |     2 |     1 ||     3
Invok: Curse Item        |       |     2 |     3 |     2 |     3 |       ||    10
 Abil: Evoke Flight      |       |       |       |     2 |     6 |       ||     8
  Use: Potion            |     1 |     4 |     4 |     4 |     4 |     1 ||    18
       Scroll            |       |       |    10 |    15 |    13 |     1 ||    39
 Stab: Sleeping          |     1 |       |     1 |    11 |    38 |     1 ||    52
       Distracted        |       |       |     1 |       |     4 |     3 ||     8
  Eat: Chunk             |     1 |     8 |    19 |    24 |    39 |    10 ||   101
       Fruit             |       |       |       |       |     2 |       ||     2
Armor: Leather armour    |    47 |    29 |   174 |   225 |   410 |   103 ||   988
       Skin              |       |       |       |       |     7 |       ||     7
Dodge: Dodged            |    61 |    83 |   652 |   614 |  1300 |   226 ||  2936
Block: Buckler           |       |       |       |    24 |   523 |   112 ||   659
